 Dungeon Crawl Stone Soup version 0.27.1-4-g1640c2035a (webtiles) character file.

Game seed: 16324609343645813332

1347 Crownlay the Magician (level 8, -3/41 HPs)
             Began as a Gargoyle Earth Elementalist on Nov 7, 2021.
             Was an Initiate of Vehumet.
             Splashed by a brown ugly thing's acid (8 damage)
             ... on level 6 of the Dungeon.
             The game lasted 00:11:10 (4886 turns).

Crownlay the Magician (Gargoyle Earth Elementalist) Turns: 4886, Time: 00:11:10

Health: -3/41      AC:  9    Str: 12    XL:     8   Next: 62%
Magic:  2/19       EV: 11    Int: 18    God:    Vehumet [......]
Gold:   210        SH:  0    Dex: 10    Spells: 18/22 levels left

rFire    . . .     SeeInvis .   C - +2 war axe (vorpal)
rCold    . . .     Faith    .   (no shield)
rNeg     + . .     Spirit   .   i - +0 robe {Will+}
rPois    ∞         Reflect  .   m - +1 helmet
rElec    +         Harm     .   q - scarf {shadows}
rCorr    .         Rampage  .   (no gloves)
Will     +....                  (no boots)
Stlth    ++........             o - amulet of regeneration
HPRegen  1.13/turn              (no ring)
MPRegen  0.16/turn              (no ring)

@: no status effects
A: sickness immunity, AC +5, negative energy resistance 1, electricity
resistance, torment resistance 1, petrification resistance
a: Renounce Religion


You were on level 6 of the Dungeon.
You worshipped Vehumet.
Vehumet was noncommittal.
You visited 2 branches of the dungeon, and saw 8 of its levels.

You collected 210 gold pieces.

Inventory:

Hand Weapons
 C - a +2 vorpal war axe (weapon)
Armour
 i - a +0 robe of willpower (worn)
 m - a +1 helmet (worn)
 q - a scarf of shadows (worn)
 D - +0 acid dragon scales
Magical Staves
 z - a staff of air
Jewellery
 o - an amulet of regeneration (around neck)
 u - a +4 ring of evasion
Wands
 w - a wand of flame (9)
Scrolls
 b - a scroll of blinking {unknown}
 d - 2 scrolls of brand weapon {unknown}
 f - 3 scrolls of magic mapping
 j - a scroll of immolation {unknown}
 k - a scroll of enchant armour {unknown}
 n - a scroll of identify
 p - a scroll of teleportation {unknown}
 s - a scroll of fear
 v - a scroll of summoning {unknown}
 x - a scroll of vulnerability {unknown}
 y - a scroll of enchant weapon {unknown}
Potions
 a - 2 potions of degeneration {unknown}
 e - 2 potions of attraction {unknown}
 g - a potion of magic {unknown}
 h - 3 potions of lignification
 l - a potion of brilliance {unknown}
 r - a potion of mutation {unknown}
 t - a potion of curing {unknown}
 A - a potion of might {unknown}
 B - a potion of berserk rage {unknown}


   Skills:
 - Level 1.5 Dodging
 - Level 2.1 Stealth
 * Level 7.9 Spellcasting
 - Level 0.7 Transmutations
 + Level 7.9 Earth Magic


You had 18 spell levels left.
You knew the following spells:

 Your Spells              Type           Power      Damage    Failure   Level
a - Sandblast             Erth           70%        2d15      1%          1
b - Stone Arrow           Conj/Erth      42%        3d9       6%          3

Your spell library contained the following spells:

 Spells                   Type           Power      Damage    Failure   Level
 Passwall                 Tmut/Erth      18%        N/A       2%          2
 Summon Small Mammal      Summ           28%        N/A       10%         1
 Petrify                  Tmut/Erth      22%        N/A       16%         4
 Call Canine Familiar     Summ           7%         N/A       30%         3
 Summon Guardian Golem    Hex/Summ       7%         N/A       30%         3
 Swiftness                Air            7%         N/A       30%         3
 Invisibility             Hex            3%         N/A       100%        6


Dungeon Overview and Level Annotations

Branches:
Dungeon (7/15)             Temple (1/1) D:6

Altars:
Dithmenos
Makhleb
Qazlal
Uskayaw
Vehumet
Zin
The Shining One

Annotations:
D:5 Duvessa


Innate Abilities, Weirdness & Mutations

You are immune to sickness and miasma.
Your stone body is resilient. (AC +5)
You are immune to poison.
You resist negative energy. (rN+)
You are resistant to electric shocks. (rElec)
You are resistant to unholy torment.
You are immune to petrification.


Message History

Press: ? - help, Shift-Dir - straight line, f/p - brown ugly thing
Aim: a brown ugly thing (lightly wounded, 71% to hit)
The stone arrow hits the brown ugly thing!
The brown ugly thing is moderately wounded.
The brown ugly thing misses you.
Casting: Stone Arrow (dangerous; 6% risk of failure)
Confirm with . or Enter, or press ? or * to list all spells.
Aiming: Stone Arrow (dangerous; 6% risk of failure)
Press: ? - help, Shift-Dir - straight line, f/p - brown ugly thing
Aim: a brown ugly thing (moderately wounded, 71% to hit)
The stone arrow misses the brown ugly thing.
The brown ugly thing bites you.
You are splashed with acid!
* * * LOW HITPOINT WARNING * * *
Casting: Stone Arrow (dangerous; 6% risk of failure)
Confirm with . or Enter, or press ? or * to list all spells.
Aiming: Stone Arrow (dangerous; 6% risk of failure)
Press: ? - help, Shift-Dir - straight line, f/p - brown ugly thing
Aim: a brown ugly thing (moderately wounded, 71% to hit)
The stone arrow hits the brown ugly thing!!
The brown ugly thing is heavily wounded.
The brown ugly thing barely misses you.
Casting: Stone Arrow (dangerous; 6% risk of failure)
Confirm with . or Enter, or press ? or * to list all spells.
Aiming: Stone Arrow (dangerous; 6% risk of failure)
Press: ? - help, Shift-Dir - straight line, f/p - brown ugly thing
Aim: a brown ugly thing (heavily wounded, 71% to hit)
The stone arrow hits the brown ugly thing!
The brown ugly thing is severely wounded.
The brown ugly thing barely misses you.
Casting: Stone Arrow (dangerous; 6% risk of failure)
Confirm with . or Enter, or press ? or * to list all spells.
Aiming: Stone Arrow (dangerous; 6% risk of failure)
Press: ? - help, Shift-Dir - straight line, f/p - brown ugly thing
Aim: a brown ugly thing (severely wounded, 71% to hit)
The stone arrow hits the brown ugly thing!
The brown ugly thing is almost dead.
The brown ugly thing bites you!
* * * LOW HITPOINT WARNING * * *
You are splashed with acid!
You die...

.##.....##...# #..#
..##...##..#.###..#
...#...#...#..##..##########
.#.........................#
...##..........#..########.#
##.######......#..# #.# #.#
######....# #.#
#.############...#### #.#
#..............@u...# #.#
###################.# #.#
#.#####.# #.......#
#######.# #.# ###


You could see a brown ugly thing.

Vanquished Creatures
  Maggie (D:7)
  2 sky beasts (D:6)
  An ice beast (D:5)
  A hornet zombie (D:7)
  An ogre (D:6)
  A centaur (D:6)
  A kobold brigand (D:6)
  Dowan (D:5)
  A hound (D:3)
  3 orc priests
  A jelly (D:6)
  A bullfrog skeleton (D:7)
  2 iguanas (D:6)
  Ijyb (D:3)
  Robin (D:2)
  A howler monkey skeleton (D:4)
  6 adders
  A white imp (D:6)
  A worm (D:2)
  6 orcs
  3 endoplasms
  2 giant cockroaches
  15 goblins
  10 hobgoblins
  4 quokkas
  3 ball pythons (D:2)
  4 bats
  2 frilled lizards
  11 kobolds
  10 rats
98 creatures vanquished.

Notes
Turn   | Place    | Note
-------+----------+-------------------------------------------
     0 | D:1      | Crownlay the Gargoyle Earth Elementalist began the quest
                  | for the Orb.
     0 | D:1      | Reached XP level 1. HP: 10/10 MP: 3/3
    74 | D:1      | Found a faded altar of an unknown god.
   277 | D:1      | Reached XP level 2. HP: 15/15 MP: 3/5
  1000 | D:2      | Found a hide-covered altar of Uskayaw.
  1012 | D:2      | Reached XP level 3. HP: 17/19 MP: 1/7
  1016 | D:2      | Learned a level 3 spell: Stone Arrow
  1120 | D:2      | Noticed Robin
  1252 | D:2      | Killed Robin
  1253 | D:2      | Reached XP level 4. HP: 24/24 MP: 2/9
  2056 | D:3      | Reached XP level 5. HP: 25/28 MP: 2/11
  2073 | D:3      | Reached skill level 5 in Earth Magic
  2387 | D:3      | Noticed Ijyb
  2402 | D:3      | Killed Ijyb
  3109 | D:4      | Reached XP level 6. HP: 32/32 MP: 10/13
  3160 | D:4      | You fall into a shaft and drop 1 floor!
  3160 | D:5      | Entered Level 5 of the Dungeon
  3160 | D:5      | Noticed an ice beast
  3163 | D:5      | Killed an ice beast
  3164 | D:5      | Reached skill level 5 in Spellcasting
  3233 | D:5      | Noticed Dowan
  3251 | D:5      | Killed Dowan
  3251 | D:5      | Noticed Duvessa
  3329 | D:6      | Reached XP level 7. HP: 35/36 MP: 6/15
  3997 | D:6      | Reached XP level 8. HP: 41/41 MP: 5/18
  4091 | D:6      | You fall into a shaft and drop 1 floor!
  4222 | D:7      | Noticed Maggie
  4231 | D:7      | Killed Maggie
  4550 | D:6      | Found a staircase to the Ecumenical Temple.
  4558 | Temple   | Entered the Ecumenical Temple
  4564 | Temple   | Became a worshipper of Vehumet
  4719 | D:6      | Noticed a brown ugly thing
  4886 | D:6      | Splashed by a brown ugly thing's acid

Illustrated notes

Levels and vault maps discovered:
D:1:      matt_arrival_diagonals, layout_rooms, basic_ecumenical_altar
D:2:      layout_loops_ring, basic_altar, uniq_robin
D:3:      layout_loops_cross, minmay_pentangle, uniq_ijyb
D:4:      layout_loops_ring
D:5:      layout_layer_cave, marbit_many_paths, uniq_menkaure, uniq_duvessa
D:6:      layout_basic, minmay_temple_entry_waves,
          chequers_serial_rivers_micro_c
D:7:      layout_rooms, fedhas_altar_1, uniq_maggie
Temple:   cyrus_circular_temple

Skill      XL: |  1  2  3  4  5  6  7  8 |
---------------+-------------------------+-----
Earth Magic    | 4 5 6 7 |  7.9
Spellcasting   | 3 4 5 6 7 |  7.9
Dodging        | |  1.5
Stealth        | |  2.1
Transmutations | |  0.7

Action                   |  1- 3 |  4- 6 |  7- 9 || total
-------------------------+-------+-------+-------++-------
Melee: Dagger            |     9 |     8 |     8 ||    25
       Unarmed           |     1 |       |       ||     1
       War axe           |       |       |     6 ||     6
 Cast: Sandblast         |    43 |    77 |    11 ||   131
       Stone Arrow       |       |     5 |    44 ||    49
  Use: Scroll            |       |     1 |     3 ||     4
       Potion            |       |     1 |       ||     1
Armor: Robe              |     8 |     8 |    15 ||    31
Dodge: Dodged            |    11 |    16 |    15 ||    42
